 Dungeon Crawl Stone Soup version 0.29.1-15-g9cfb28693d (webtiles) character file.

Game seed: 2285017738970818480

371 Ast3rio the Cutter (level 6, -2/53 HPs)
             Began as a Gnoll Cinder Acolyte on Mar 8, 2023.
             Was a High Priest of Ignis.
             Slain by a phantom (3 damage)
             ... on level 4 of the Dungeon.
             The game lasted 00:07:03 (4551 turns).

Ast3rio the Cutter (Gnoll Cinder Acolyte)           Turns: 4551, Time: 00:07:04

Health: -2/53      AC:  2    Str: 15    XL:     6   Next: 71%
Magic:  4/11       EV: 12    Int: 13    God:    Ignis [*****.]
Gold:   154        SH:  0    Dex:  8    Spells: 10/12 levels left

rFire   + . .      SeeInvis .   a - -1 short sword (flame)
rCold   . . .      Faith    .   (no shield)
rNeg    . . .      Spirit   .   b - +0 robe
rPois   .          Reflect  .   (no helmet)
rElec   .          Harm     .   (no cloak)
rCorr   .          Rampage  .   (no gloves)
Will    .....                   (no boots)
Stlth   ++........              (no amulet)
HPRegen 0.17/turn               (no ring)
MPRegen 0.12/turn               (no ring)

@: no status effects
A: fangs 1, strong nose, distributed training
a: Renounce Religion, Fiery Armour, Foxfire Swarm, Rising Flame


You were on level 4 of the Dungeon.
You worshipped Ignis.
Ignis was extremely pleased with you.
You visited 1 branch of the dungeon, and saw 4 of its levels.

You collected 154 gold pieces.

Inventory:

Hand Weapons
 a - a -1 short sword of flaming (weapon)
 p - a +0 hammer of holy wrath
 q - a +2 quarterstaff of chaos
 s - a +0 dagger of speed
Armour
 b - a +0 robe (worn)
Jewellery
 e - a +6 ring of strength
 f - a ring of protection from fire
 j - a +6 ring of dexterity
 k - a ring of ice
 l - a ring of ice
 v - a +6 ring of dexterity
Scrolls
 c - a scroll of vulnerability {unknown}
 d - 2 scrolls of enchant weapon {unknown}
 g - 2 scrolls of identify {unknown}
 h - 3 scrolls of teleportation {unknown}
 i - a scroll of brand weapon {unknown}
 n - a scroll of noise {unknown}
 r - a scroll of immolation {unknown}
 t - a scroll of acquirement {unknown}
Potions
 m - a potion of flight {unknown}
 o - a potion of haste {unknown}
 u - 2 potions of lignification {unknown}


   Skills:
 + Level 6.9 Fighting
 + Level 6.9 Short Blades
 + Level 2.1 Long Blades
 + Level 2.1 Axes
 + Level 2.1 Maces & Flails
 + Level 2.1 Polearms
 + Level 2.1 Staves
 + Level 2.1 Ranged Weapons
 + Level 2.1 Throwing
 + Level 2.1 Armour
 + Level 2.1 Dodging
 + Level 2.1 Stealth
 + Level 2.1 Shields
 + Level 2.1 Unarmed Combat
 + Level 3.5 Spellcasting
 + Level 1.7 Conjurations
 + Level 1.7 Hexes
 + Level 1.7 Summonings
 + Level 1.7 Necromancy
 + Level 1.7 Translocations
 + Level 1.7 Transmutations
 + Level 5.7 Fire Magic
 + Level 1.7 Ice Magic
 + Level 1.7 Air Magic
 + Level 1.7 Earth Magic
 + Level 1.7 Poison Magic
 + Level 2.4 Invocations
 + Level 2.1 Evocations


You had 10 spell levels left.
You knew the following spells:

 Your Spells              Type           Power      Damage    Failure   Level
a - Scorch                Fire           34%        2d7       3%          2

Your spell library contained the following spells:

 Spells                   Type           Power      Damage    Failure   Level
 Foxfire                  Conj/Fire      48%        2x1d6     4%          1
 Slow                     Hex            24%        N/A       11%         1
 Conjure Flame            Conj/Fire      12%        6-21      14%         3
 Inner Flame              Hex/Fire       12%        N/A       14%         3
 Confusing Touch          Hex            6%         N/A       32%         3
 Vampiric Draining        Necr           6%         2d6       32%         3
 Flame Wave               Conj/Fire      12%        2d6       43%         4
 Summon Forest            Summ/Tloc      3%         N/A       96%         5
 Summon Mana Viper        Hex/Summ       6%         N/A       96%         5
 Summon Cactus Giant      Summ           3%         N/A       100%        6


Dungeon Overview and Level Annotations

Branches:
Dungeon (4/15)
 Temple: D:4-7

Altars:
Vehumet

Annotations:
D:4 1 runed translucent door, Seidenschwarz's ghost, novice MiFi


Innate Abilities, Weirdness & Mutations

You have very sharp teeth.
Your uncanny sense of smell can sniff out nearby items.
Your experience applies equally to all skills.


Message History

The phantom misses you.
You hit the phantom. You burn the phantom.
The phantom is almost destroyed.
You hit the phantom. You burn the phantom.
You bite the phantom, but do no damage.
The phantom is almost destroyed.
The phantom hits you.
You hit the phantom but do no damage.
The phantom is almost destroyed.
The phantom hits you but does no damage.
You barely miss the phantom.
The phantom is almost destroyed.
The phantom hits you.
You hit the phantom but do no damage.
The phantom is almost destroyed.
The phantom barely misses you.
You hit the phantom but do no damage.
The phantom is almost destroyed.
You hit the phantom but do no damage. Your bite misses the phantom.
The phantom is almost destroyed.
The phantom hits you.
The phantom blinks!
You blink.
The phantom attacks as you move away! The phantom hits you.
* * * LOW HITPOINT WARNING * * *
You barely miss the phantom.
The phantom is almost destroyed.
The phantom hits you.
* * * LOW HITPOINT WARNING * * *
You miss the phantom.
The phantom is almost destroyed.
The phantom hits you.
* * * LOW HITPOINT WARNING * * *
The phantom blinks!
You blink.
The phantom attacks as you move away! The phantom hits you.
* * * LOW HITPOINT WARNING * * *
You barely miss the phantom.
The phantom is almost destroyed.
You barely miss the phantom.
The phantom is almost destroyed.
The phantom hits you.
You die...

#... #............ #...
#........?....... #....
#...............
#.....#...............
#.....#..............
#.....'.......<......
##....#...........#'#
##....#......[....#.# ##### #####
#..§.†)...@.#.# #.... #
#.........W.#.# #.... #
#########'###.# #.... #
#############.###.#########.... #
#>.............................
#####.....#...#.........####..##)
....'.....#...#.........#......#.
#####.....#.. #.........#......#.
# ######.#### #.........#......#.


You could see a phantom.

Vanquished Creatures
  An ogre (D:4)
  A necrophage (D:4)
  Crazy Yiuf (D:3)
  Jessica (D:3)
  3 iguanas (D:4)
  An adder (D:3)
  An ufetubus (D:4)
  4 dart slugs
  3 orcs (D:4)
  3 bats
  8 endoplasms
  4 giant cockroaches
  6 goblins
  7 hobgoblins
  4 jackals (D:1)
  4 kobolds
  4 quokkas
  4 ball pythons
  A frilled lizard (D:1)
  6 rats
67 creatures vanquished.

Vanquished Creatures (others)
  12 foxfires (D:1)
12 creatures vanquished.

Grand Total: 79 creatures vanquished

Notes
Turn   | Place    | Note
-------+----------+-------------------------------------------
     0 | D:1      | Ast3rio the Gnoll Cinder Acolyte began the quest for the
                  | Orb.
     0 | D:1      | Reached XP level 1. HP: 23/23 MP: 4/4
   117 | D:1      | Reached XP level 2. HP: 21/29 MP: 5/5
   715 | D:1      | Reached XP level 3. HP: 10/35 MP: 7/7
   721 | D:1      | Learned a level 2 spell: Scorch
  1275 | D:1      | Reached skill level 1 in Invocations
  1805 | D:2      | Reached skill level 1 in Long Blades
  1805 | D:2      | Reached skill level 1 in Axes
  1805 | D:2      | Reached skill level 1 in Maces & Flails
  1805 | D:2      | Reached skill level 1 in Polearms
  1805 | D:2      | Reached skill level 1 in Staves
  1805 | D:2      | Reached skill level 1 in Ranged Weapons
  1805 | D:2      | Reached skill level 1 in Throwing
  1805 | D:2      | Reached skill level 1 in Armour
  1805 | D:2      | Reached skill level 1 in Dodging
  1805 | D:2      | Reached skill level 1 in Stealth
  1805 | D:2      | Reached skill level 1 in Shields
  1805 | D:2      | Reached skill level 1 in Unarmed Combat
  1805 | D:2      | Reached skill level 1 in Evocations
  2539 | D:2      | Reached XP level 4. HP: 41/41 MP: 3/8
  2824 | D:3      | Found a radiant altar of Vehumet.
  2827 | D:3      | Noticed Jessica
  2831 | D:3      | Killed Jessica
  2832 | D:3      | Reached skill level 1 in Conjurations
  2832 | D:3      | Reached skill level 1 in Hexes
  2832 | D:3      | Reached skill level 1 in Summonings
  2832 | D:3      | Reached skill level 1 in Necromancy
  2832 | D:3      | Reached skill level 1 in Translocations
  2832 | D:3      | Reached skill level 1 in Transmutations
  2832 | D:3      | Reached skill level 1 in Ice Magic
  2832 | D:3      | Reached skill level 1 in Air Magic
  2832 | D:3      | Reached skill level 1 in Earth Magic
  2832 | D:3      | Reached skill level 1 in Poison Magic
  3234 | D:3      | Found a faded altar of an unknown god.
  3428 | D:3      | Found a runed translucent door.
  3430 | D:3      | Noticed Crazy Yiuf
  3435 | D:3      | Killed Crazy Yiuf
  3436 | D:3      | Reached XP level 5. HP: 47/47 MP: 4/9
  3630 | D:4      | Noticed Seidenschwarz's ghost (novice MiFi)
  3633 | D:4      | Found a runed translucent door.
  3684 | D:4      | Noticed an ogre
  3693 | D:4      | Killed an ogre
  3818 | D:4      | Reached XP level 6. HP: 48/53 MP: 2/11
  4549 | D:4      | HP: 1/53 [phantom (5)]
  4551 | D:4      | Slain by a phantom

Illustrated notes

Levels and vault maps discovered:
D:1:      dpeg_arrival_tiny_i, layout_basic
D:2:      layout_basic
D:3:      layout_loops_ring, old_standard_altar,
          ebering_ecumenical_altar_sacrificial, uniq_jessica,
          uniq_crazy_yiuf_cottage
D:4:      layout_basic, hellmonk_ghost_happy_afterlife,
          kennysheep_generic_room_5

Skill      XL: |  1  2  3  4  5  6 |
---------------+-------------------+-----
Invocations    | 1 2 |  2.4
Long Blades    | 1 2 |  2.1
Axes           | 1 2 |  2.1
Maces & Flails | 1 2 |  2.1
Polearms       | 1 2 |  2.1
Staves         | 1 2 |  2.1
Ranged Weapons | 1 2 |  2.1
Throwing       | 1 2 |  2.1
Armour         | 1 2 |  2.1
Dodging        | 1 2 |  2.1
Stealth        | 1 2 |  2.1
Shields        | 1 2 |  2.1
Unarmed Combat | 1 2 |  2.1
Evocations     | 1 2 |  2.1
Spellcasting   | 3 |  3.5
Conjurations   | 1 |  1.7
Hexes          | 1 |  1.7
Summonings     | 1 |  1.7
Necromancy     | 1 |  1.7
Translocations | 1 |  1.7
Transmutations | 1 |  1.7
Ice Magic      | 1 |  1.7
Air Magic      | 1 |  1.7
Earth Magic    | 1 |  1.7
Poison Magic   | 1 |  1.7
Fighting       | |  6.9
Short Blades   | |  6.9
Fire Magic     | |  5.7

Action                   |  1- 3 |  4- 6 || total
-------------------------+-------+-------++-------
Melee: Short sword       |    84 |    30 ||   114
       Bite              |    10 |     2 ||    12
       Punch             |     2 |     1 ||     3
 Cast: Scorch            |    22 |    39 ||    61
Invok: Foxfire Swarm     |     1 |       ||     1
Armor: Robe              |    21 |    12 ||    33
Dodge: Dodged            |    61 |    29 ||    90
